Map: Ruins of Seras

Players

Hindulaatti

  • Race: Protoss Protoss
  • League: Diamond

TheDude

  • Race: Protoss Protoss
  • League: Diamond

JohnMcClane

  • Race: Protoss Protoss
  • League: Gold

Sara

  • Race: Protoss Protoss
  • League: Gold

VOD

Have the link to the VOD?

Description

Time

  • Played on: Feb. 11, 2016, 8:22 a.m.
  • Length: 23:12
Show
View Real Time Build Order
Export as new Build Order

Hindulaatti Protoss 

Build Orders: Phoenix Opening 

Get SALT Encoding   

  12  0:01  Probe (Chrono Boost)  
  13  0:11  Probe (Chrono Boost)  
  14  0:19  Pylon  
  14  0:24  Probe (Chrono Boost)  
  15  0:37  Probe (Chrono Boost)  
  15  0:39  Gateway  
  16  0:47  Probe (Chrono Boost)  
  17  0:50  Assimilator  
  17  0:58  Probe (Chrono Boost)  
  18  1:08  Probe (Chrono Boost)  
  19  1:19  Probe (Chrono Boost)  
  20  1:26  Cybernetics Core  
  20  1:28  Gateway  
  20  1:35  Pylon, Probe (Chrono Boost)  
  21  1:57  Assimilator  
  21  2:03  Warp Gate  
  21  2:04  Adept  
  21  2:05  Probe (Chrono Boost)  
  24  2:21  Nexus  
  24  2:25  Adept  
  26  2:54  Probe (Chrono Boost)  
  26  2:57  Stargate  
  27  3:04  Probe (Chrono Boost)  
  28  3:07  Pylon  
  28  3:12  Gateway  
  28  3:15  Probe (Chrono Boost)  
  28  3:17  Adept  
  31  3:25  Sentry  
  31  3:26  Mothership Core (Chrono Boost)  
  35  3:34  Pylon  
  33  3:49  Phoenix  
  33  3:54  Gateway  
  33  4:08  Stalker  
  35  4:14  Phoenix  
  37  4:17  Stalker  
  37  4:20  Probe (Chrono Boost)  
  40  4:28  Stalker  
  42  4:37  Probe (Chrono Boost)  
  42  4:38  Assimilator  
  43  4:44  Stalker  
  38  5:09  Probe (Chrono Boost)  
  38  5:10  Probe (Chrono Boost)  
  40  5:15  Phoenix  
  40  5:20  Probe x2 (Chrono Boost)  
  44  5:30  Probe (Chrono Boost)  
  45  5:37  Stalker x3  
  45  5:38  Phoenix  
  45  5:41  Probe (Chrono Boost)  
  52  5:43  Probe (Chrono Boost)  
  53  5:53  Probe (Chrono Boost)  
  53  5:55  Pylon  
  54  6:01  Pylon  
  54  6:13  Probe (Chrono Boost)  
  54  6:15  Pylon, Probe (Chrono Boost)  
  56  6:24  Phoenix, Probe (Chrono Boost)  
  56  6:25  Assimilator  
  58  6:27  Probe (Chrono Boost)  
  60  6:34  Probe (Chrono Boost)  
  60  6:35  Twilight Council  
  60  6:36  Gateway  
  61  6:43  Probe (Chrono Boost)  
  62  6:49  Pylon  
  54  7:04  Phoenix  
  54  7:07  Stalker x4  
  60  7:12  Gateway  
  60  7:28  Probe (Chrono Boost)  
  60  7:29  Probe (Chrono Boost)  
  62  7:32  Stalker x3  
  68  7:40  Phoenix  
  70  7:48  Forge  
  68  7:57  Stalker  
  66  7:59  Sentry  
  68  8:12  Pylon  
  66  8:18  Pylon, Stalker  
  65  8:20  Stalker  
  65  8:26  Zealot  
  69  8:29  Pylon  
  56  8:54  Stalker x3  
  56  8:55  Stalker  
  56  9:03  Blink  
  56  9:09  Probe (Chrono Boost)  
  52  9:10  Probe (Chrono Boost)  
  48  9:26  Stalker x4  
  48  9:27  Protoss Ground Weapons Level 1  
  56  9:39  Pylon, Probe (Chrono Boost)  
  56  9:40  Probe (Chrono Boost)  
  58  9:50  Mothership Core (Chrono Boost)  
  60  9:53  Pylon  
  58  10:13  Nexus  
  56  10:16  Pylon  
  56  10:27  Probe (Chrono Boost)  
  57  10:38  Stalker  
  57  10:39  Dark Shrine  
  57  10:40  Stalker  
  63  10:50  Probe x2 (Chrono Boost)  
  63  11:00  Stalker x2  
  67  11:13  Phoenix  
  67  11:17  Stalker  
  71  11:20  Stalker  
  73  11:27  Gateway  
  71  11:39  Robotics Facility  
  71  11:43  Protoss Ground Armor Level 1  
  71  11:58  Dark Templar  
  73  12:01  Dark Templar  
  75  12:10  Probe (Chrono Boost)  
  75  12:11  Probe x2 (Chrono Boost)  
  78  12:24  Stargate  
  78  12:29  Robotics Bay  
  77  12:37  Observer  
  77  12:38  Probe x2 (Chrono Boost)  
  77  12:39  Probe (Chrono Boost)  
  80  12:48  Pylon  
  80  12:52  Probe (Chrono Boost)  
  80  12:55  Assimilator  
  80  12:57  Assimilator  
  81  13:03  Probe (Chrono Boost), Sentry x5  
  90  13:15  Stalker  
  92  13:26  Dark Templar x2  
  70  13:34  Photon Cannon  
  51  13:48  Disruptor  
  51  13:51  Stalker x3  
  60  13:55  Stalker  
  60  14:01  Stalker  
  64  14:06  Pylon  
  64  14:08  Dark Templar  
  66  14:15  Stalker x2  
  49  14:39  Stalker x2  
  49  14:40  Stalker x2  
  51  15:06  Stalker, Zealot x4  
  49  15:28  Dark Templar x2  
  46  15:41  Dark Templar  
  48  16:04  Dark Templar  
  44  16:57  Gateway  
  44  16:58  Cybernetics Core  
  44  16:59  Pylon  
  44  17:01  Pylon x2  
  44  17:03  Pylon x2  
  44  17:07  Pylon  
  44  17:12  Gateway  
  44  17:23  Zealot  
  44  17:28  Gateway  
  38  17:58  Robotics Facility, Stalker x2  
  38  18:02  Robotics Facility  
  42  18:18  Stalker  
  44  18:24  Stalker  
  44  18:25  Stalker  
  48  18:28  Stalker x2  
  48  18:30  Mothership Core (Chrono Boost)  
  54  18:46  Pylon  
  54  18:48  Immortal  
  54  18:53  Stalker  
  60  19:09  Sentry  
  62  19:11  Sentry  
  62  19:13  Stalker  
  66  19:31  Immortal  
  68  19:32  Immortal  
  72  19:51  Stalker  
  72  20:12  Immortal  
  72  20:13  Zealot  
  76  20:33  Zealot  
  78  20:38  Pylon  
  78  20:40  Pylon  
  76  20:51  Immortal  
  80  21:00  Stalker x2  
  80  21:01  Stalker  
  84  21:36  Nexus  
  84  21:37  Pylon  
  84  22:03  Observer  
  84  22:04  Immortal  
  87  22:37  Gateway  
  87  22:40  Pylon  
  85  22:44  Assimilator  
  85  23:10  Assimilator  
Show
View Real Time Build Order
Export as new Build Order

TheDude Protoss 

Build Orders: Oracle Opening 

Get SALT Encoding   

  12  0:01  Probe (Chrono Boost)  
  13  0:11  Probe (Chrono Boost)  
  14  0:21  Pylon  
  14  0:23  Probe (Chrono Boost)  
  15  0:39  Probe (Chrono Boost)  
  15  0:41  Gateway  
  16  0:49  Probe (Chrono Boost)  
  17  0:50  Assimilator  
  17  0:56  Assimilator  
  17  1:00  Probe (Chrono Boost)  
  18  1:07  Pylon  
  18  1:10  Probe (Chrono Boost)  
  19  1:21  Probe (Chrono Boost)  
  20  1:29  Cybernetics Core  
  20  1:32  Probe (Chrono Boost)  
  21  1:42  Probe (Chrono Boost)  
  22  1:53  Probe (Chrono Boost)  
  23  2:00  Pylon  
  23  2:03  Probe (Chrono Boost)  
  23  2:05  Warp Gate (Chrono Boost)  
  24  2:11  Adept (Chrono Boost)  
  24  2:15  Mothership Core  
  28  2:36  Probe  
  29  2:41  Twilight Council  
  28  2:52  Stargate  
  28  2:59  Stalker  
  28  3:01  Nexus  
  30  3:06  Pylon  
  30  3:11  Probe  
  31  3:18  Pylon  
  31  3:32  Probe  
  32  3:35  Oracle (Chrono Boost)  
  35  3:56  Probe  
  35  4:06  Gateway  
  35  4:07  Robotics Facility  
  35  4:09  Robotics Facility  
  35  4:12  Probe  
  35  4:13  Probe  
  37  4:23  Probe  
  37  4:24  Probe  
  37  4:35  Probe  
  37  4:36  Gateway, Probe  
  38  4:39  Stalker  
  38  4:45  Probe  
  39  4:48  Probe  
  40  4:56  Probe  
  36  5:14  Mothership Core  
  36  5:15  Probe  
  36  5:19  Stalker  
  39  5:24  Stalker  
  39  5:25  Probe  
  42  5:31  Twilight Council  
  42  5:35  Probe  
  40  5:41  Stalker  
  42  5:44  Probe  
  42  5:45  Stalker  
  42  5:47  Probe  
  46  5:54  Probe  
  47  5:59  Probe  
  47  6:02  Observer  
  49  6:05  Probe  
  49  6:11  Blink (Chrono Boost)  
  50  6:12  Probe  
  50  6:15  Probe  
  52  6:21  Forge  
  52  6:24  Probe  
  53  6:26  Probe  
  53  6:31  Stalker  
  53  6:32  Stalker  
  56  6:36  Probe x2  
  56  6:39  Stalker  
  51  6:57  Stalker x2  
  51  7:00  Probe  
  54  7:01  Probe  
  55  7:09  Stalker  
  55  7:10  Probe  
  55  7:13  Probe  
  59  7:18  Immortal  
  63  7:26  Stalker  
  63  7:28  Probe  
  64  7:30  Assimilator  
  64  7:35  Assimilator  
  64  7:39  Photon Cannon  
  64  7:40  Stalker  
  62  7:48  Mothership Core  
  62  7:50  Stalker  
  63  7:54  Probe  
  62  8:10  Stalker, Probe  
  62  8:11  Probe  
  63  8:24  Probe  
  62  8:36  Probe, Stalker x3  
  61  8:48  Probe  
  56  8:58  Probe  
  56  9:00  Probe  
  56  9:02  Stalker x2  
  60  9:03  Stalker  
  60  9:08  Probe  
  60  9:09  Gateway  
  60  9:15  Pylon  
  60  9:16  Pylon  
  55  9:17  Pylon  
  55  9:20  Pylon  
  51  9:26  Stalker x3  
  55  9:34  Probe  
  55  9:36  Probe  
  57  9:49  Stalker  
  57  9:50  Stalker x2  
  55  10:21  Immortal x2 (Chrono Boost)  
  55  10:22  Stalker x2  
  55  10:35  Protoss Ground Weapons Level 1  
  55  10:39  Photon Cannon  
  55  10:45  Void Ray  
  59  10:59  Stalker x2  
  59  11:03  Stalker  
  65  11:20  Stalker  
  65  11:22  Stalker x2  
  71  11:29  Stalker  
  73  11:48  Void Ray (Chrono Boost)  
  77  12:07  Stalker x2  
  81  12:14  Mothership Core  
  83  12:19  Nexus  
  83  12:20  Stalker  
  83  12:21  Pylon  
  85  12:36  Stalker x2  
  89  12:55  Stalker  
  89  12:57  Probe  
  92  13:00  Stalker x2  
  84  13:35  Stalker  
  84  13:36  Stalker  
  87  13:46  Observer  
  87  13:49  Protoss Ground Weapons Level 2  
  88  13:55  Gateway  
  88  13:58  Gateway  
  86  14:19  Stalker  
  86  14:24  Stalker  
  88  14:26  Stalker  
  88  14:34  Stalker  
  86  14:40  Probe x2  
  89  14:52  Probe  
  85  15:18  Stalker  
  85  15:19  Stalker  
  87  15:36  Nexus  
  82  16:00  Observer  
  79  16:31  Pylon  
  71  16:50  Photon Cannon  
  55  18:14  Nexus  
  51  19:29  Pylon  
  51  19:31  Pylon  
  47  19:41  Pylon  
  47  20:06  Observer  
  47  20:09  Assimilator  
  47  20:13  Assimilator  
  48  20:15  Pylon  
  38  20:31  Zealot  
  38  20:34  Zealot  
  41  21:02  Probe  
  42  21:08  Probe  
  42  21:09  Probe  
  44  21:12  Probe  
  45  21:20  Probe  
  45  21:21  Probe  
  45  21:23  Probe  
  45  21:34  Robotics Bay  
  41  21:40  Probe  
  41  21:42  Probe  
  43  21:53  Probe  
  43  21:57  Probe x2  
  46  22:04  Probe  
  46  22:09  Probe  
  46  22:11  Probe  
Show
View Real Time Build Order
Export as new Build Order

JohnMcClane Protoss 

Build Orders:  

Get SALT Encoding   

Show
View Real Time Build Order
Export as new Build Order

Sara Protoss 

Build Orders:  

Get SALT Encoding   

Tags
 
Add a new tag
Caveats
  • Supply blocks, unpowered buildings, or Contaminate may cause inaccurate times.
  • Supply counts are checked every 10 seconds.